 Dungeon Crawl Stone Soup version 0.23-a0-767-gdc19b93d68 (webtiles) character file.

82 Esekla the Digger (level 4, -3/31 HPs)
             Began as an Octopode Wanderer on Jan 22, 2019.
             Slain by Natasha (7 damage)
             ... on level 2 of the Dungeon.
             The game lasted 00:09:53 (1342 turns).

Esekla the Digger (Octopode Wanderer)               Turns: 1342, Time: 00:09:54

Health: -3/31      AC:  1    Str:  9    XL:     4   Next: 43%
Magic:  3/5        EV: 13    Int: 13    God:
Gold:   30         SH:  0    Dex: 15    Spells: 2/5 levels left

rFire    . . .     SeeInvis .   d - +0 dagger
rCold    . . .     Gourm    .   (no shield)
rNeg     . . .     Faith    .   (helmet restricted)
rPois    .         Spirit   .   (no amulet)
rElec    .         Reflect  .   (no ring)
rCorr    .         Harm     .   (no ring)
MR       .....                  (no ring)
Stlth    +++.......             (no ring)
HPRegen  0.10/turn              (no ring)
MPRegen  0.09/turn              (no ring)
                                (no ring)
                                (no ring)

@: no status effects
A: almost no armour, stealthy swim, amphibious, 8 rings, constrict 8, camouflage
1, gelatinous body 1
a: no special abilities


You were on level 2 of the Dungeon.
You were not hungry.

You visited 1 branch of the dungeon, and saw 3 of its levels.

You collected 30 gold pieces.

Inventory:

Hand Weapons
 d - a +0 dagger (weapon)
Scrolls
 a - a scroll of enchant weapon {unknown}
 b - a scroll of magic mapping {unknown}
 g - 3 scrolls of identify {unknown}
 i - 2 scrolls of fog {unknown}
 k - a scroll of blinking {unknown}
Potions
 c - a potion of invisibility {unknown}
 e - a potion of berserk rage {unknown}
 h - 2 potions of flight {unknown}
Comestibles
 f - 3 rations


   Skills:
 + Level 3.0 Fighting
 * Level 1.2 Short Blades
   Level 1.0 Staves
 * Level 1.3 Dodging
 - Level 3.0 Stealth
 * Level 1.1 Spellcasting
 * Level 0.3 Conjurations
   Level 2.0 Fire Magic
 * Level 0.5 Air Magic
   Level 3.0 Earth Magic
 * Level 0.4 Poison Magic


You had 2 spell levels left.
You knew the following spells:

 Your Spells              Type           Power        Failure   Level  Hunger
a - Mephitic Cloud        Conj/Pois/Air  #.......     56%         3    ####...

Your spell library contained the following spells:

 Spells                   Type           Power        Failure   Level  Hunger
 Sandblast                Erth           #.....       9%          1    ##.....
 Passwall                 Tmut/Erth      #.......     22%         2    ###....
 Sting                    Conj/Pois      #...         24%         1    ##.....
 Stone Arrow              Conj/Erth      #.....       38%         3    ####...
 Petrify                  Tmut/Erth      #.......     83%         4    #####..
 Lee's Rapid Deconstruct  Erth           #.........   92%         5    ######.


Dungeon Overview and Level Annotations

Branches:
Dungeon (3/15)

Altars:
Trog

Annotations:
D:2 Natasha


Innate Abilities, Weirdness & Mutations

You cannot wear most types of armour.
You are very stealthy in the water. (Stealth+)
You are amphibious.
You can wear up to eight rings at the same time.
You can use your tentacles to constrict eight enemies at once.
Your skin changes colour to match your surroundings (Stealth+).
Your rubbery body absorbs attacks. (AC +1, EV +1)


Message History

You constrict Natasha.
Natasha struggles to escape constriction.
You hit Natasha. Your squeeze misses Natasha.
Natasha is moderately wounded.
You constrict Natasha. The worm bites you!
* * * LOW HITPOINT WARNING * * *
You release your grip on Natasha.
Natasha misses you.
You hit Natasha. Your grab misses Natasha.
Natasha is heavily wounded.
Natasha claws the worm.
Natasha claws the worm!
Natasha seems less confused.
You hit Natasha but do no damage. You grab Natasha.
Natasha is heavily wounded.
You constrict Natasha, but do no damage.
Natasha barely misses you.
You hit Natasha but do no damage. You squeeze Natasha.
Natasha is heavily wounded.
You constrict Natasha. Natasha claws you!
You die...

#.# #.# #.# # #.# #. #.#
#.########.##############
#.........>.............#########
.................................
###...##########@...###..........
+...'.).รท....wh...'............
#...######........####(........
##### #...[....# #.........
####........# ##........
#...........# #....####
#...........# #....#
#########...........######.....
....................'...<#......


You could see a worm and Natasha.

Vanquished Creatures
  Natasha (twice) (D:2)
  2 adders
  A dart slug (D:1)
  A leopard gecko (D:1)
  3 bats (D:1)
  2 giant cockroaches
  4 kobolds
15 creatures vanquished.

Notes
Turn   | Place    | Note
-------+----------+-------------------------------------------
     0 | D:1      | Esekla the Octopode Wanderer began the quest for the Orb.
     0 | D:1      | Esekla set off with the following items: a +0 quarterstaff,
                  | a +0 dagger, a ration; and the following spells available
                  | to memorise: Sandblast, Passwall, Sting, Stone Arrow,
                  | Mephitic Cloud, Petrify, Lee's Rapid Deconstruction
     0 | D:1      | Reached XP level 1. HP: 14/14 MP: 1/1
   494 | D:1      | Reached XP level 2. HP: 19/19 MP: 2/2
   764 | D:2      | Found a bloodstained altar of Trog.
   820 | D:2      | Noticed Natasha
   823 | D:2      | Killed Natasha
   823 | D:2      | Reached skill level 1 in Short Blades
   823 | D:2      | Reached skill level 1 in Dodging
   823 | D:2      | Reached skill level 1 in Spellcasting
   823 | D:2      | Reached XP level 3. HP: 6/25 MP: 2/4
   828 | D:2      | Learned a level 3 spell: Mephitic Cloud
   910 | D:3      | Reached XP level 4. HP: 7/30 MP: 5/5
  1278 | D:2      | Noticed Natasha
  1285 | D:2      | Killed Natasha
  1326 | D:2      | Noticed Natasha
  1342 | D:2      | Slain by Natasha

Vault maps used:
D:1:      matt_arrival_refuge
D:2:      grunt_temple_overflow_forces_of_nature,
          nicolae_overflow_crystal_walls, uniq_natasha
D:3:      kennysheep_slug_shrine

Skill      XL: |  1  2  3  4 |
---------------+-------------+-----
Stealth        | 3 |  3.0
Short Blades   | 1 |  1.2
Dodging        | 1 |  1.3
Spellcasting   | 1 |  1.1
Fighting       | 3 |  3.0
Staves         | |  1.0
Conjurations   | |  0.3
Fire Magic     | |  2.0
Air Magic      | |  0.5
Earth Magic    | |  3.0
Poison Magic   | |  0.4

Action                   |  1- 3 |  4- 6 || total
-------------------------+-------+-------++-------
Melee: Dagger            |    42 |     9 ||    51
       Constrict         |    13 |     3 ||    16
       Tentacles         |     5 |     2 ||     7
 Cast: Mephitic Cloud    |     1 |     2 ||     3
 Stab: Sleeping          |     3 |       ||     3
       Confused          |       |     1 ||     1
  Eat: Ration            |       |     1 ||     1
Armor: Skin              |     8 |       ||     8
Dodge: Dodged            |    27 |     3 ||    30

Table legend:
 A = Non-vault XP
 B = Vault XP
 C = Vault XP percentage of total XP
 D = Non-vault monster count
 E = Vault monster count
 F = Vault count percentage of total count
                 A         B        C        D         E       F
            +---------+---------+-------+---------+---------+-------
      Total |      83 |      35 |  29.7 |      14 |       1 |   6.7
            +---------+---------+-------+---------+---------+-------
        D:1 |      14 |       0 |   0.0 |       7 |       0 |   0.0
        D:2 |      54 |      35 |  39.3 |       5 |       1 |  16.7
        D:3 |      15 |       0 |   0.0 |       2 |       0 |   0.0
            +---------+---------+-------+---------+---------+-------
